 Dungeon Crawl Stone Soup version 0.30-a0-12-gd8047c6341 (webtiles) character file.

Game seed: 12735205161509216715

674216 inmateoo the Axe Maniac (level 27, 0/245 HPs)
             Began as a Minotaur Fighter on Aug 23, 2022.
             Was the Champion of the Shining One.
             Engulfed by Gloorx Vloq's foul pestilence (12 damage)
             ... in Pandemonium.
             The game lasted 01:14:37 (55979 turns).

inmateoo the Axe Maniac (Minotaur Fighter)         Turns: 55979, Time: 01:14:38

Health: 0/245      AC: 46    Str: 29    XL:     27
Magic:  14/35      EV: 19    Int:  5    God:    the Shining One [******]
Gold:   6247       SH: 39    Dex: 20    Spells: 26/26 levels left

rFire   + + .      SeeInvis .    o - +9 broad axe (holy)
rCold   + + +      Faith    .    P - +1 tower shield {rC+}
rNeg    + + +      Spirit   .    r - +9 gold dragon scales
rPois   +          Reflect  .    T - +0 hat of the King of the Hill {rC+ Dex+4}
rElec   +          Harm     .    s - +2 cloak
rCorr   +          Rampage  .    J - +2 pair of gloves of the Butterfly {Str+2}
Will    +++..                    e - +2 pair of boots "Onluasko" {Contam rElec rPois rCorr}
Stlth   ..........               c - amulet "Ytzorch" {rF+ Regen+}
HPRegen 1.30/turn                D - ring of protection from cold
MPRegen 0.24/turn                S - ring of willpower

@: divinely shielded, marked, slowed, glowing, studying Transmutations, very
slow
A: horns 2, retaliatory headbutt, dopey 1, frail 1, mutation resistance 1,
subdued magic 1, inability to drink after injury 1
}: 5/15 runes: serpentine, barnacled, silver, demonic, glowing
a: Renounce Religion, Divine Shield, Cleansing Flame, Summon Divine Warrior


You were in Pandemonium.
You worshipped the Shining One.
The Shining One was exalted by your worship.
You visited 10 branches of the dungeon, and saw 46 of its levels.
You visited Pandemonium 1 time, and saw 16 of its levels.
You visited 1 bazaar.
You also visited: Trove, Sewer, Gauntlet, Ice Cave and Desolation.

You collected 9421 gold pieces.
You spent 3174 gold pieces at shops.

Inventory:

Hand Weapons
 o - a +9 broad axe of holy wrath (weapon)
 Q - a +9 broad axe of electrocution
Missiles
 y - 8 throwing nets (quivered)
Armour
 e - the +2 pair of boots "Onluasko" (worn) {Contam rElec rPois rCorr}
   (You acquired it on level 2 of the Dungeon)

   rElec:     It insulates you from electricity.
   rPois:     It protects you from poison.
   Contam:    It causes magical contamination when unequipped.
   rCorr:     It protects you from acid and corrosion.
 l - the +2 hat of the Bear Spirit {Spirit, *Rage Will++}
   (You acquired it on level 4 of the Dungeon)

   Going berserk makes the wearer tougher, and they're slowed less afterward.
   *Rage:     It berserks you when you make melee attacks (+20% chance).
   Will:      It greatly increases your willpower.
 r - +9 gold dragon scales (worn)
 s - a +2 cloak (worn)
 J - the +2 pair of gloves of the Butterfly (worn) {Str+2}
   (You found it in a Gauntlet)

   Str:       It affects your strength (+2).
 P - a +1 tower shield of cold resistance (worn)
 T - the +0 hat of the King of the Hill (worn) {rC+ Dex+4}
   (You found it in a treasure trove)

   Dex:       It affects your dexterity (+4).
   rC:        It protects you from cold.
Jewellery
 c - the amulet "Ytzorch" (around neck) {rF+ Regen+}
   (You bought it in a shop on level 2 of the Orcish Mines)

   [amulet of regeneration]

   rF:        It protects you from fire.
   Regen:     It increases your rate of health regeneration.
 D - a ring of protection from cold (left hand)
 I - a ring of protection from fire
 O - a ring of resist corrosion
 R - a ring of see invisible
 S - a ring of willpower (right hand)
Wands
 a - a wand of polymorph (48)
 b - a wand of flame (37)
 v - a wand of iceblast (16)
 z - a wand of light (19)
 F - a wand of mindburst (43)
 K - a wand of digging (4)
 L - a wand of charming (5)
Scrolls
 i - a scroll of enchant armour
 k - 9 scrolls of poison
 q - 3 scrolls of amnesia
 A - 4 scrolls of brand weapon
 B - 4 scrolls of blinking
 E - 13 scrolls of magic mapping
 G - 5 scrolls of silence
 H - 20 scrolls of teleportation
 N - 10 scrolls of fear
 U - 2 scrolls of enchant weapon
 V - 2 scrolls of butterflies
Potions
 d - 23 potions of might
 f - 10 potions of magic
 g - 32 potions of curing
 h - 11 potions of invisibility
 j - 18 potions of heal wounds
 m - 5 potions of berserk rage
 n - 6 potions of cancellation
 p - 10 potions of brilliance
 t - 10 potions of flight
 u - 12 potions of mutation
 w - 8 potions of haste
 x - 6 potions of resistance
 C - 5 potions of ambrosia
Miscellaneous
 M - a condenser vane


   Skills:
 O Level 27 Fighting
 O Level 27 Axes
 + Level 23.7 Armour
 + Level 21.8 Dodging
 + Level 23.8 Shields
 * Level 18.7 Invocations


You had 26 spell levels left.
You didn't know any spells.
Your spell library contained the following spells:

 Spells                   Type           Power      Damage    Failure   Level
 Apportation              Tloc           0%         N/A       99%         1
 Beastly Appendage        Tmut           0%         N/A       99%         1
 Foxfire                  Conj/Fire      0%         2x1d4     99%         1
 Freeze                   Ice            0%         1d3       99%         1
 Magic Dart               Conj           0%         1d3       99%         1
 Necrotise                Necr           0%         1d4       99%         1
 Sandblast                Erth           0%         2d4       99%         1
 Shock                    Conj/Air       0%         1d3       99%         1
 Sting                    Tmut/Pois      0%         1d3       99%         1
 Summon Small Mammal      Summ           0%         N/A       99%         1
 Blink                    Tloc           0%         N/A       100%        2
 Call Imp                 Summ           0%         N/A       100%        2
 Passwall                 Tmut/Erth      0%         N/A       100%        2
 Poisonous Vapours        Pois/Air       0%         N/A       100%        2
 Static Discharge         Conj/Air       0%         3-3/arc   100%        2
 Sublimation of Blood     Necr           0%         N/A       100%        2
 Wereblood                Tmut           0%         N/A       100%        2
 Call Canine Familiar     Summ           0%         N/A       100%        3
 Confusing Touch          Hex            0%         N/A       100%        3
 Conjure Flame            Conj/Fire      0%         6-21      100%        3
 Dazzling Flash           Conj/Hex       0%         N/A       100%        3
 Frozen Ramparts          Ice            0%         1d1       100%        3
 Ignite Poison            Fire/Tmut/Pois 0%         N/A       100%        3
 Inner Flame              Hex/Fire       0%         N/A       100%        3
 Mephitic Cloud           Conj/Pois/Air  0%         N/A       100%        3
 Ozocubu's Armour         Ice            0%         N/A       100%        3
 Portal Projectile        Hex/Tloc       0%         N/A       100%        3
 Spider Form              Tmut/Pois      0%         N/A       100%        3
 Stone Arrow              Conj/Erth      0%         3d7       100%        3
 Summon Guardian Golem    Hex/Summ       0%         N/A       100%        3
 Swiftness                Air            0%         N/A       100%        3
 Tukima's Dance           Hex            0%         N/A       100%        3
 Vampiric Draining        Necr           0%         2d6       100%        3
 Airstrike                Air            0%         2d(0-16)  100%        4
 Cause Fear               Hex            0%         N/A       100%        4
 Dispel Undead            Necr           0%         3d6       100%        4
 Flame Wave               Conj/Fire      0%         2d4       100%        4
 Hailstorm                Conj/Ice       0%         3d3       100%        4
 Ice Form                 Ice/Tmut       0%         N/A       100%        4
 Iskenderun's Mystic Bla  Conj/Tloc      0%         2d3       100%        4
 Leda's Liquefaction      Hex/Erth       0%         N/A       100%        4
 Olgreb's Toxic Radiance  Pois           0%         N/A       100%        4
 Passage of Golubria      Tloc           0%         N/A       100%        4
 Petrify                  Tmut/Erth      0%         N/A       100%        4
 Sticky Flame             Conj/Fire      0%         2d3       100%        4
 Summon Ice Beast         Ice/Summ       0%         N/A       100%        4
 Summon Lightning Spire   Summ/Air       0%         N/A       100%        4
 Agony                    Necr           0%         N/A       100%        5
 Blade Hands              Tmut           0%         N/A       100%        5
 Freezing Cloud           Conj/Ice/Air   0%         6-21      100%        5
 Irradiate                Conj/Tmut      0%         3d11      100%        5
 Iskenderun's Battlesphe  Conj           0%         2d6       100%        5
 Lee's Rapid Deconstruct  Erth           0%         3d5*      100%        5
 Lightning Bolt           Conj/Air       0%         1d11      100%        5
 Manifold Assault         Tloc           0%         N/A       100%        5
 Metabolic Englaciation   Hex/Ice        0%         N/A       100%        5
 Silence                  Hex/Air        0%         N/A       100%        5
 Summon Forest            Summ/Tloc      0%         N/A       100%        5
 Summon Mana Viper        Hex/Summ       0%         N/A       100%        5
 Yara's Violent Unravell  Hex/Tmut       0%         3d3       100%        5
 Iron Shot                Conj/Erth      0%         9d1       100%        6
 Simulacrum               Ice/Necr       0%         N/A       100%        6
 Starburst                Conj/Fire      0%         6d3       100%        6
 Statue Form              Tmut/Erth      0%         N/A       100%        6
 Summon Cactus Giant      Summ           0%         N/A       100%        6
 Dragon Form              Tmut           0%         N/A       100%        7
 Enfeeble                 Hex            0%         N/A       100%        7
 Orb of Destruction       Conj           0%         9d5       100%        7
 Spellforged Servitor     Conj/Summ      0%         N/A       100%        7
 Storm Form               Tmut/Air       0%         N/A       100%        7
 Summon Hydra             Summ           0%         N/A       100%        7
 Maxwell's Capacitive Co  Air            0%         ∞         100%        8
 Chain Lightning          Conj/Air       0%         N/A       100%        9
 Dragon's Call            Summ           0%         N/A       100%        9
 Fire Storm               Conj/Fire      0%         5d1       100%        9
 Shatter                  Erth           0%         3d5*      100%        9


Dungeon Overview and Level Annotations

Branches:
Dungeon (15/15)            Temple (1/1) D:7            Lair (5/5) D:11
 Shoals (4/4) Lair:2        Snake (4/4) Lair:2        Slime (0/5) Lair:4
    Orc (2/2) D:9             Elf (3/3) Orc:2        Vaults (5/5) D:13
  Crypt (3/3) Vaults:2       Tomb (0/3) Crypt:3      Depths (4/4) D:15
    Zot (0/5) Depths:4      Sewer (visited)           IceCv (visited)
Desolation (visited)      Gauntlet (visited)

Altars:
Ashenzari
Cheibriados
Dithmenos
Elyvilon
Fedhas
Gozag
Hepliaklqana
Kikubaaqudgha
Makhleb
Nemelex Xobeh
Okawaru
Qazlal
Ru
Sif Muna
Trog
Uskayaw
Vehumet
Wu Jian
Xom
Yredelemnul
Zin
The Shining One
Jiyva
Lugonu

Shops:
Orc:2 *=([   Elf:2 *   Elf:3 :[[?[   Shoals:1 *   Shoals:4 [   Vaults:5 [
Depths:3 *:=::(!   Depths:4 *!*:*:

Portals:
Hell: Depths:1 Depths:2 Depths:3 Depths:4
Abyss: Lair:5 Depths:1 Depths:2 Depths:3
Pandemonium: Depths:2
Ziggurat: Depths:2

Annotations:
D:9 exclusion: ice statue
Pan Gloorx Vloq


Innate Abilities, Weirdness & Mutations

You have a pair of horns on your head.
You reflexively headbutt those who attack you in melee.
You are dopey. (Int -2)
You are frail. (-10% HP)
You are somewhat resistant to further mutation.
Your spells are a little easier to cast, but a little less powerful.
You occasionally lose the ability to drink potions when taking damage.


Message History

You resist.
The golden flame engulfs Gloorx Vloq!!!
Gloorx Vloq writhes in agony!
Gloorx Vloq is severely wounded.
The golden flame engulfs the Executioner!!!
The Executioner writhes in agony!
The Executioner is heavily wounded.
The golden flame engulfs the Executioner!!!
The Executioner writhes in agony!
You kill the Executioner!
The Executioner disappears in a puff of smoke!
The golden flame engulfs the Executioner!
The Executioner writhes in agony!
You kill the Executioner!
The Shining One accepts your kill.
The golden flame engulfs the Executioner!!
The Executioner writhes in agony!
The Executioner is almost dead.
You are engulfed in dark miasma.
* * * LOW HITPOINT WARNING * * *
x2 You feel extremely sick.
The Executioner disappears in a puff of smoke!
Gloorx Vloq gestures.
You block the Executioner's attack.
The Executioner hits you but does no damage.
You block the Executioner's attack. Gloorx Vloq gestures at you.
The foul vapour engulfs you but does no damage.
The Executioner gestures.
The Executioner seems to speed up.
A soul eater comes into view.
The demonic crawler shrieks in warning!
Gloorx Vloq calls on the powers of darkness!
Your body is wracked with pain!
* * * LOW HITPOINT WARNING * * *
You block the Executioner's attack.
The Executioner hits you but does no damage.
The Executioner completely misses you.
A demonic crawler comes into view.
You feel better.
You are engulfed in dark miasma.
You die...

#.#...# #.....#
#.#...# #.....#
#.#...###
#....ss1#
#....ss1#
#.#..1#&#
#...1.#@##
#.#...#11##
#&....#°°°##
#.1.#...##°°.###
#s#.....###....###
# #.#...#
###....### #.....#
##.....####
#.#...#
###3.....####
....# ####.......


You could see Gloorx Vloq, 4 Executioners, a soul eater and 3 demonic crawlers.

Vanquished Creatures
  4 pandemonium lords (Pan)
  Mnoleg (Pan)
  2 dread liches
  3 ancient liches
  Mara (Vaults:5)
  A juggernaut (Depths:2)
  A royal mummy (Depths:3)
  Frederick (Vaults:4)
  Parghit (Depths:3)
  Vashnia (Snake:4)
  Saint Roka (Depths:1)
  3 caustic shrikes (Depths:2)
  4 golden dragons
  Nikola (Elf:3)
  the Enchantress (Depths:1)
  Jory (Vaults:5)
  Zenata (Crypt:3)
  3 Tzitzimimeh (Pan)
  Rupert (D:14)
  2 Brimstone Fiends (Pan)
  A shard shrike skeleton (Crypt:3)
  A walking crystal tome (Depths:2)
  Jorgrun (D:15)
  A Hell Sentinel (Pan)
  A walking earthen tome (Depths:2)
  5 tentacled monstrosities
  6 liches
  2 Ice Fiends (Pan)
  3 quicksilver dragons
  10 deep elf blademasters
  15 titans
  A walking frostbound tome (Depths:2)
  5 deep elf master archers
  A kraken (Shoals:4)
  12 Executioners (Pan)
  3 sphinxes
  Agnes (D:14)
  4 shadow dragons
  7 tengu reavers
  A draconian monk (Depths:4)
  Roxanne (Shoals:2)
  4 nagarajas (Snake:4)
  A revenant (Crypt:1)
  25 frost giants
  2 storm dragons
  21 fire giants
  A fenstrider witch (shapeshifter) (Vaults:5)
  7 demonspawn warmongers (Pan)
  Donald (Shoals:1)
  6 deep elf sorcerers
  3 imperial myrmidons (Desolation)
  3 orc warlords
  12 cacodemons (Pan)
  7 balrugs (Pan)
  Aizul (Snake:2)
  2 iron dragons
  5 deep elf elementalists (Elf:3)
  3 spectral juggernauts (Depths:3)
  3 ghost moths (Pan)
  A spectral caustic shrike (Depths:3)
  Louise (Shoals:2)
  13 vault wardens
  6 reapers
  A curse skull (Crypt:3)
  18 ironbound preservers
  A juggernaut skeleton (Pan)
  11 demonspawn blood saints (Pan)
  5 vampire knights
  13 demonspawn corrupters (Pan)
  A caustic shrike skeleton (Pan)
  6 war gargoyles
  8 spriggan defenders
  A black draconian (Pan)
  30 very ugly things
  4 deep elf demonologists
  6 ironbound thunderhulks
  5 dire elephants
  2 green draconians (Crypt:3)
  A spark wasp (Depths:2)
  Nessos (Lair:4)
  21 stone giants
  5 white draconians
  19 lorocyprocas
  10 deep elf annihilators
  A minotaur (Gauntlet)
  A purple draconian (Crypt:3)
  6 yellow draconians
  2 halazid warlocks (Desolation)
  7 demonspawn black suns (Pan)
  6 eidola
  4 red draconians
  6 ettins
  8 blizzard demons (Pan)
  9 fire dragons
  11 merfolk impalers
  3 merfolk javelineers (Shoals:4)
  3 crystal guardians
  3 mummy priests (Depths:3)
  12 deep elf death magi
  2 ragged hierophants (Desolation)
  7 deep elf high priests
  5 green deaths (Pan)
  4 servants of whispers (Desolation)
  5 great orbs of eyes
  A spectral golden dragon (Depths:3)
  Josephine (D:13)
  2 hell beasts (Pan)
  6 ice dragons
  18 yaktaur captains
  3 salamander tyrants
  12 jiangshi
  7 rakshasas
  6 boulder beetles
  A quicksilver dragon skeleton (Crypt:3)
  2 spectral tengu (Depths:3)
  12 hydras
  10 peacekeepers
  34 vault guards
  4 ironbound frosthearts
  A spectral sphinx (Depths:3)
  A catoblepas (Lair:5)
  7 spriggan air magi
  A spriggan skeleton (Pan)
  10 anacondas
  6 merfolk aquamancers
  14 naga warriors
  3 satyrs
  5 merfolk avatars
  A spectral frost giant (Depths:3)
  An ogre mage (Vaults:4)
  2 two-headed ogres
  4 death knights
  24 dancing weapons
  16 centaur warriors
  7 deep troll shamans
  A death scarab (Crypt:1)
  5 deep troll earth magi
  4 tengu warriors
  2 spectral storm dragons (Depths:3)
  6 vampire magi (Crypt:1)
  14 naga sharpshooters
  12 soul eaters
  4 shock serpents
  4 spriggan berserkers
  3 orc high priests
  3 thrashing horrors (Lair:5)
  28 deep elf knights
  20 sun demons
  14 hell knights
  Amaemon (D:9)
  8 skeletal warriors
  4 salamander mystics
  18 sea snakes
  5 shadow wraiths
  11 iron trolls
  14 sixfirhies (Pan)
  A spriggan rider (Depths:2)
  A glowing orange brain (shapeshifter) (Vaults:5)
  73 deep trolls
  8 flayed ghosts
  A spectral iron dragon (Depths:3)
  8 naga ritualists
  2 glowing orange brains
  39 deep elf archers
  8 shadow demons
  An iron giant skeleton (Crypt:1)
  10 wizards
  An obsidian statue (Depths:3)
  3 anaconda skeletons (Crypt:3)
  A golden dragon skeleton (Depths:2)
  A wolf spider (D:15)
  18 phantasmal warriors
  6 necromancers
  14 orc knights
  21 ironbound convokers
  24 harpies
  2 wolf spiders (shapeshifter) (Vaults:5)
  6 mana vipers
  8 lindwurms
  41 deep elf zephyrmancers
  63 ugly things
  39 deep elf pyromancers
  10 cyclopes
  A moth of wrath (Gauntlet)
  A goliath frog skeleton (Crypt:1)
  6 orc sorcerers
  12 manticores
  21 fauns
  18 salamanders
  11 elephants
  13 merfolk sirens
  A moth of wrath (shapeshifter) (Vaults:5)
  2 ice statues (IceCv)
  An iron dragon skeleton (Pan)
  11 guardian serpents
  16 vault sentinels
  2 water nymphs
  A guardian serpent (shapeshifter) (D:13)
  3 rust devils
  13 naga magi
  30 black mambas
  2 frost giant skeletons
  3 centaur skeletons
  18 smoke demons
  11 orange demons
  6 gargoyles
  9 unseen horrors (Depths:4)
  11 cane toads
  3 hellions (Pan)
  2 alligator snapping turtle skeletons (Pan)
  2 kobold demonologists
  8 freezing wraiths
  2 demonic crawlers (Pan)
  35 yaktaurs
  4 rime drakes (Lair:5)
  A rime drake (shapeshifter) (Lair:5)
  9 komodo dragons
  9 guardian mummies
  8 ice devils
  2 spectral glowing shapeshifters (Depths:3)
  A meliai (shapeshifter) (D:13)
  2 tormentors (Pan)
  4 polar bears
  8 hellwings
  A minotaur skeleton (Crypt:1)
  6 trolls
  2 ancient zymes (Lair:5)
  9 red devils
  37 merfolk
  4 wind drakes (Shoals:4)
  A hydra zombie (Crypt:2)
  37 saltlings (Desolation)
  6 hornets
  A tengu simulacrum (Depths:2)
  3 harpy skeletons (Crypt:3)
  14 blink frogs
  A spectral floating eye (Depths:3)
  38 slime creatures
  9 snapping turtles
  A moth of wrath zombie (Crypt:2)
  A raiju (shapeshifter) (Lair:5)
  16 dream sheep
  A sphinx simulacrum (Depths:2)
  2 fire dragon zombies
  9 spriggans
  4 flying skulls (Crypt:1)
  35 large abominations
  4 shadows
  An ice dragon skeleton (Pan)
  17 wraiths
  2 air elementals
  A yak (shapeshifter) (D:13)
  3 wyverns
  18 water elementals
  48 yaks
  4 centaur simulacra
  16 ynoxinuls
  2 alligator skeletons
  An ushabti (Crypt:3)
  An ettin skeleton (Pan)
  4 fire elementals
  2 steam dragons
  12 basilisks
  2 redbacks (Gauntlet)
  3 vampire mosquitoes (D:14)
  A death yak simulacrum (Orc:2)
  5 neqoxecs (Pan)
  A harpy simulacrum (Crypt:2)
  22 chaos spawn
  35 nagas
  7 wargs
  14 water moccasins
  A glowing shapeshifter zombie (Crypt:2)
  2 acid dragons
  A two-headed ogre skeleton (Crypt:1)
  A water nymph skeleton (Crypt:2)
  3 floating eyes
  45 orc warriors
  A glowing shapeshifter skeleton (Depths:2)
  An ice beast (D:8)
  A sky beast (D:7)
  6 black bears
  10 ogres
  4 boggarts (D:14)
  A manticore skeleton (Crypt:2)
  6 wolves
  An elephant skeleton (Crypt:1)
  3 centaurs
  A phantom (D:4)
  3 kobold brigands
  2 necrophages
  2 komodo dragon zombies
  15 bullfrogs
  4 two-headed ogre simulacra (IceCv)
  2 cane toad simulacra
  3 scorpions
  6 wights
  25 killer bees
  A shapeshifter skeleton (Crypt:2)
  10 howler monkeys
  A wyvern simulacrum (Gauntlet)
  3 hounds (D:5)
  6 jellies
  11 small abominations (Lair:5)
  20 orc priests
  3 iron imps (Gauntlet)
  2 iguanas
  16 orc wizards
  3 polar bear simulacra (IceCv)
  4 troll simulacra
  5 wolf simulacra
  3 spriggan simulacra (IceCv)
  8 mummies (Crypt:3)
  6 gnolls
  10 adders
  6 naga simulacra
  2 river rats (Sewer)
  A shadow imp (D:6)
  A white imp (IceCv)
  4 ufetubi
  2 worms
  2 dart slugs (D:1)
  73 orcs
  6 bats
  A bat skeleton (Crypt:2)
  12 endoplasms
  3 giant cockroaches
  7 goblins
  5 hobgoblins
  6 jackals
  36 kobolds
  3 quokkas
  14 ball pythons
  A ball python skeleton (Crypt:2)
  2 frilled lizards
  A frilled lizard skeleton (Crypt:1)
  33 rats
  A fungus (Lair:5)
  A plant (Shoals:1)
  4 tentacles (Shoals:4)
2607 creatures vanquished.

Vanquished Creatures (others)
  An Executioner (Pan)
  A centaur warrior (Vaults:2)
  A deep elf knight (Pan)
  A sixfirhy (Pan)
  A deep elf zephyrmancer (Elf:2)
  A black mamba (Snake:4)
  A merfolk (Shoals:2)
  12 demonic plants (Gauntlet)
  20 fungi
  69 plants
  A tentacle (Shoals:4)
  7 withered plants (Crypt:3)
116 creatures vanquished.

Grand Total: 2723 creatures vanquished

Notes
Turn   | Place    | Note
-------+----------+-------------------------------------------
     0 | D:1      | inmateoo the Minotaur Fighter began the quest for the Orb.
     0 | D:1      | Reached XP level 1. HP: 19/19 MP: 0/0
    85 | D:1      | Reached XP level 2. HP: 27/27 MP: 1/1
   274 | D:1      | Found a faded altar of an unknown god.
   943 | D:2      | Reached XP level 3. HP: 32/33 MP: 2/2
   954 | D:2      | Reached skill level 1 in Dodging
  1642 | D:2      | Identified 3 scrolls of acquirement
  1642 | D:2      | Acquired the +2 pair of boots "Onluasko" {Contam rElec
                  | rPois rCorr}
  1831 | D:3      | Reached XP level 4. HP: 40/40 MP: 3/3
  2123 | D:3      | Acquired a +2 broad axe of flaming
  2380 | D:3      | Noticed a +0 falchion
  2380 | D:3      | Noticed a +0 short sword
  2380 | D:3      | Noticed a +0 falchion
  2382 | D:3      | Reached XP level 5. HP: 46/46 MP: 4/4
  2383 | D:3      | Noticed a +0 spear
  2384 | D:3      | Noticed a +0 dagger
  2384 | D:3      | Noticed a +0 dagger
  2384 | D:3      | Noticed a +0 spear
  2384 | D:3      | Noticed a +0 short sword
  2396 | D:3      | Found a hide-covered altar of Uskayaw.
  2643 | D:4      | Found a shadowy altar of Dithmenos.
  2743 | D:4      | Found a glowing drain.
  2761 | Sewer    | Entered a sewer
  3158 | D:4      | Acquired 991 gold pieces
  3160 | D:4      | Acquired the +2 hat of the Bear Spirit {Spirit, *Rage
                  | Will++}
  3160 | D:4      | Found the +2 hat of the Bear Spirit {Spirit, *Rage Will++}
  3287 | D:4      | Identified the +1 ring mail of Weirdness {rN+ Regen+ Dex+2}
  3469 | D:4      | Reached XP level 6. HP: 55/55 MP: 5/5
  3540 | D:4      | Reached skill level 5 in Fighting
  3540 | D:4      | Reached skill level 5 in Axes
  3540 | D:4      | Reached skill level 5 in Shields
  3652 | D:4      | Identified the +7 short sword of the Transparent God
                  | {vorpal, Str+5}
  3777 | D:5      | Entered Level 5 of the Dungeon
  3825 | D:5      | Reached skill level 5 in Armour
  3832 | D:5      | Reached XP level 7. HP: 61/61 MP: 6/6
  3986 | D:5      | Found an iron altar of Okawaru.
  4074 | D:5      | Found a radiant altar of Vehumet.
  4074 | D:5      | Found a shimmering blue altar of Sif Muna.
  4075 | D:5      | Found a hazy altar of Hepliaklqana.
  4160 | D:5      | Became a worshipper of Warmaster Okawaru
  4954 | D:6      | Reached skill level 1 in Invocations
  4959 | D:6      | Reached XP level 8. HP: 46/71 MP: 3/7
  4962 | D:6      | Reached * piety under Okawaru
  5378 | D:6      | Found a sparkling altar of Nemelex Xobeh.
  5564 | D:7      | Found a staircase to the Ecumenical Temple.
  5705 | D:7      | Reached ** piety under Okawaru
  5714 | D:7      | Reached XP level 9. HP: 77/81 MP: 9/9
  6413 | D:8      | Reached *** piety under Okawaru
  6416 | D:8      | Reached skill level 5 in Dodging
  7215 | D:9      | Noticed an ice statue
  7220 | D:9      | Noticed an ice devil
  7220 | D:9      | Noticed an ice devil
  7221 | D:9      | Noticed an ice devil
  7229 | D:9      | Noticed a two-headed ogre
  7236 | D:9      | Killed a two-headed ogre
  7236 | D:9      | Reached **** piety under Okawaru
  7237 | D:9      | Reached XP level 10. HP: 91/91 MP: 6/11
  7276 | D:9      | Noticed an orange demon
  7279 | D:9      | Noticed Amaemon
  7282 | D:9      | Noticed a rust devil
  7286 | D:9      | Noticed a smoke demon
  7295 | D:9      | Killed Amaemon
  7296 | D:9      | Reached skill level 10 in Fighting
  7300 | D:9      | Reached skill level 10 in Axes
  7598 | D:9      | Killed an orange demon
  7600 | D:9      | Reached ***** piety under Okawaru
  7913 | D:9      | Found a sacrificial altar of Ru.
  8239 | D:9      | Found a broken altar of Ashenzari.
  8276 | D:9      | Found a staircase to the Orcish Mines.
  8277 | D:9      | Identified the +3 ring mail "Taemp" {rF+ Int+7 Dex-5}
                  | (Okawaru gifted it to you on level 9 of the Dungeon)
  8277 | D:9      | Received a gift from Okawaru
  8538 | D:10     | Entered Level 10 of the Dungeon
  8701 | D:10     | Reached skill level 5 in Invocations
  8701 | D:10     | Reached XP level 11. HP: 90/101 MP: 11/13
  8989 | D:10     | Found a viscous altar of Jiyva.
  9157 | D:11     | Noticed a seven-headed hydra
  9170 | D:11     | Killed a four-headed hydra
  9393 | D:11     | Noticed a boulder beetle
  9432 | D:11     | Killed a boulder beetle
  9488 | D:11     | Noticed a purple ugly thing
  9498 | D:11     | Killed a purple ugly thing
  9562 | D:11     | Found a hazy altar of Hepliaklqana.
  9968 | D:11     | Found a staircase to the Lair.
 10144 | D:12     | Noticed a red ugly thing
 10155 | D:12     | Killed a red ugly thing
 10432 | D:12     | Noticed a two-headed ogre
 10441 | D:12     | Killed a two-headed ogre
 10441 | D:12     | Received a gift from Okawaru
 10624 | D:12     | Found a blossoming altar of Fedhas.
 10855 | D:13     | Noticed a deep elf pyromancer
 10865 | D:13     | Killed a deep elf pyromancer
 10895 | D:13     | Noticed a boulder beetle
 10910 | D:13     | Killed a boulder beetle
 11214 | D:13     | Noticed a seven-headed hydra
 11214 | D:13     | Noticed a boulder beetle
 11223 | D:13     | Killed a two-headed hydra
 11224 | D:13     | Reached XP level 12. HP: 113/113 MP: 9/15
 11225 | D:13     | Killed a boulder beetle
 11498 | D:13     | Noticed Josephine
 11504 | D:13     | Killed Josephine
 11865 | D:13     | Found a gate to the Vaults.
 12028 | D:14     | Found a stormy altar of Qazlal.
 12095 | D:14     | Noticed Rupert
 12104 | D:14     | Killed Rupert
 12104 | D:14     | Received a gift from Okawaru
 12112 | D:14     | Noticed a centaur warrior
 12119 | D:14     | Reached skill level 10 in Armour
 12119 | D:14     | Reached skill level 10 in Shields
 12154 | D:14     | Noticed a centaur warrior
 12167 | D:14     | Killed a centaur warrior
 12182 | D:14     | Found a gate leading to a gauntlet.
 12193 | Gauntlet | Entered a Gauntlet
 12193 | Gauntlet | Found a transporter.
 12193 | Gauntlet | Found a runed translucent door.
 12193 | Gauntlet | Found a transporter.
 12193 | Gauntlet | Found a transporter.
 12193 | Gauntlet | Found a runed translucent door.
 12225 | Gauntlet | Found a transporter.
 12235 | Gauntlet | Found a transporter.
 12238 | Gauntlet | Found a transporter.
 12252 | Gauntlet | Found a transporter.
 12267 | Gauntlet | Found a transporter.
 12284 | Gauntlet | Found a transporter.
 12284 | Gauntlet | Found a transporter.
 12292 | Gauntlet | Found a transporter.
 12295 | Gauntlet | Found a transporter.
 12485 | Gauntlet | Identified the +2 pair of gloves of the Butterfly {Str+2}
 12544 | Gauntlet | Noticed a minotaur
 12553 | Gauntlet | Killed a minotaur
 12554 | Gauntlet | Reached XP level 13. HP: 123/123 MP: 8/17
 12557 | Gauntlet | Identified the +1 robe of Dust {rF+ rC+ rN+}
 12557 | Gauntlet | Identified the +6 short sword "Huatar" {freeze, Fly rElec
                  | Dex+2}
 12627 | D:14     | Noticed Agnes
 12640 | D:14     | Killed Agnes
 12786 | D:14     | Reached ****** piety under Okawaru
 13282 | D:15     | Entered Level 15 of the Dungeon
 13389 | D:15     | Identified the +1 pair of gloves of Absence {rElec rN+
                  | SInv} (Okawaru gifted it to you on level 15 of the Dungeon)
 13389 | D:15     | Received a gift from Okawaru
 13626 | D:15     | Noticed Jorgrun
 13634 | D:15     | Killed Jorgrun
 13647 | D:15     | Reached skill level 15 in Fighting
 13654 | D:15     | Reached skill level 15 in Axes
 13899 | D:15     | Found a staircase to the Depths.
 13899 | D:15     | Noticed a dire elephant
 13912 | D:15     | Killed a dire elephant
 13920 | D:15     | Reached XP level 14. HP: 135/135 MP: 19/19
 14058 | D:15     | Found a portal to a secret trove of treasure.
 14408 | Lair:1   | Entered Level 1 of the Lair of Beasts
 14642 | Lair:1   | Received a gift from Okawaru
 15015 | Lair:1   | Received a gift from Okawaru
 15472 | Lair:2   | Found a staircase to the Snake Pit.
 15851 | Lair:2   | Found a staircase to the Shoals.
 16034 | Lair:2   | Reached skill level 10 in Dodging
 16137 | Lair:2   | Found the +3 hat of Pondering {ponderous, Will+ MP+10
                  | Int+5}
 17067 | Lair:4   | Noticed Nessos
 17200 | Lair:4   | Killed Nessos
 17331 | Lair:4   | Found a viscous altar of Jiyva.
 17332 | Lair:4   | Found a staircase to the Slime Pits.
 17339 | Lair:4   | You fall into a shaft and drop 1 floor!
 17339 | Lair:5   | Entered Level 5 of the Lair of Beasts
 17350 | Lair:5   | Identified the +4 chain mail of Brilliance {rF+ rC+ rN+
                  | Str+2} (Okawaru gifted it to you on level 5 of the Lair of
                  | Beasts)
 17350 | Lair:5   | Received a gift from Okawaru
 18324 | Lair:5   | Reached XP level 15. HP: 145/145 MP: 18/20
 18833 | Lair:5   | Found a corrupted altar of Lugonu.
 18833 | Lair:5   | Found a one-way gate to the infinite horrors of the Abyss.
 19388 | Orc:1    | Entered Level 1 of the Orcish Mines
 19527 | Orc:1    | Received a gift from Okawaru
 19878 | Orc:2    | Entered Level 2 of the Orcish Mines
 19908 | Orc:2    | Gained mutation: You are partially covered in iridescent
                  | scales. (AC +2) [a neqoxec]
 20054 | Orc:2    | Found Fyduer's General Store.
 20062 | Orc:2    | Bought the amulet "Ytzorch" {rF+ Regen+} for 572 gold
                  | pieces
 20062 | Orc:2    | Bought a potion of curing for 39 gold pieces
 20079 | Orc:2    | Found a frozen archway.
 20099 | IceCv    | Entered an ice cave
 20246 | IceCv    | Identified the +4 pair of gloves of the Shoals {*Corrode
                  | rC++ Str+2 Int+2}
 20803 | Orc:2    | Found Votidudd's Jewellery Emporium.
 20870 | Orc:2    | Found a staircase to the Elven Halls.
 20881 | Orc:2    | Found Bock's Antique Weapon Boutique.
 20931 | Orc:2    | Noticed an orc warlord
 20933 | Orc:2    | Found Cecadi's Antique Armour Boutique.
 20945 | Orc:2    | Killed an orc warlord
 21540 | Snake:1  | Entered Level 1 of the Snake Pit
 21649 | Snake:1  | Received a gift from Okawaru
 21650 | Snake:1  | Reached skill level 10 in Invocations
 22118 | Snake:2  | Reached XP level 16. HP: 157/157 MP: 18/22
 22273 | Snake:2  | Noticed Aizul
 22287 | Snake:2  | Killed Aizul
 22480 | Snake:2  | Identified the +7 whip "Xoalih" {vorpal, *Rage rPois Str+4}
 22636 | Snake:2  | Received a gift from Okawaru
 23407 | Snake:3  | Identified the +4 scale mail of Okawaru's Approval {rN+
                  | SInv} (Okawaru gifted it to you on level 3 of the Snake
                  | Pit)
 23407 | Snake:3  | Received a gift from Okawaru
 24320 | Snake:3  | Identified the +3 flail of Insomnia {vorpal, *Rage rPois
                  | Will++ rCorr}
 24540 | Snake:4  | Entered Level 4 of the Snake Pit
 24939 | Snake:4  | Noticed Vashnia
 24945 | Snake:4  | Reached XP level 17. HP: 57/168 MP: 7/23
 25061 | Snake:4  | Received a gift from Okawaru
 25189 | Snake:4  | Killed Vashnia
 25556 | Snake:4  | Got a serpentine rune of Zot
 25935 | Shoals:1 | Entered Level 1 of the Shoals
 25935 | Shoals:1 | Noticed Donald
 25950 | Shoals:1 | Killed Donald
 26453 | Shoals:1 | Found Zoarre Iky's General Store.
 26466 | Shoals:1 | Bought a potion of haste for 190 gold pieces
 26466 | Shoals:1 | Bought a potion of curing for 57 gold pieces
 26919 | Shoals:2 | Noticed Roxanne
 26937 | Shoals:2 | Killed Roxanne
 27001 | Shoals:2 | Received a gift from Okawaru
 27207 | Shoals:2 | Noticed Louise
 27219 | Shoals:2 | Killed Louise
 27346 | Shoals:2 | Reached skill level 15 in Shields
 27912 | Shoals:3 | Reached skill level 15 in Armour
 28004 | Shoals:3 | Reached XP level 18. HP: 179/179 MP: 24/24
 28073 | Shoals:3 | Received a gift from Okawaru
 28351 | Shoals:4 | Entered Level 4 of the Shoals
 29038 | Shoals:4 | Found Fisieh's Armour Shop.
 29238 | Shoals:4 | Got a barnacled rune of Zot
 30059 | Vaults:1 | Entered Level 1 of the Vaults
 30289 | Vaults:1 | Identified the +1 crystal plate armour "Tytaf" {rElec rPois
                  | rN++ Stlth-} (Okawaru gifted it to you on level 1 of the
                  | Vaults)
 30289 | Vaults:1 | Received a gift from Okawaru
 30346 | Vaults:1 | Identified the +3 robe "Bumeew" {Stlth+}
 31142 | Vaults:1 | Reached XP level 19. HP: 190/190 MP: 25/25
 31327 | Vaults:2 | Identified the +7 chain mail of Bedevilment {rPois rCorr
                  | Dex+4} (Okawaru gifted it to you on level 2 of the Vaults)
 31327 | Vaults:2 | Received a gift from Okawaru
 32427 | Vaults:2 | Found a staircase to the Crypt.
 32776 | Vaults:3 | Identified the +1 pair of gloves of the Pits of Slime
                  | {Str+5 Int+3} (Okawaru gifted it to you on level 3 of the
                  | Vaults)
 32776 | Vaults:3 | Received a gift from Okawaru
 32863 | Vaults:3 | Reached skill level 15 in Dodging
 33739 | Vaults:3 | Reached XP level 20. HP: 173/202 MP: 23/26
 34402 | Vaults:4 | Received a gift from Okawaru
 34882 | Vaults:4 | Received a gift from Okawaru
 35059 | Vaults:5 | Entered Level 5 of the Vaults
 35424 | Vaults:5 | Identified the +0 robe of the Endless Expanse {Rampage
                  | *Corrode Int+2 Dex+4} (Okawaru gifted it to you on level 5
                  | of the Vaults)
 35424 | Vaults:5 | Received a gift from Okawaru
 35621 | Vaults:5 | Noticed Jory
 35643 | Vaults:5 | Killed Jory
 35715 | Vaults:5 | Identified the ring of Lameborgh {Str+6 Int+6}
 35813 | Vaults:5 | Got a silver rune of Zot
 35865 | Vaults:5 | Reached XP level 21. HP: 202/202 MP: 24/27
 36262 | Vaults:5 | Noticed Frederick
 36274 | Vaults:4 | Killed Frederick
 36474 | Vaults:5 | Identified the +2 ring mail "Marab" {rF+ rC+ rN++ Dex-4}
 36484 | Vaults:5 | Identified the +1 robe "Wivacs" {Harm rPois}
 36582 | Vaults:5 | Received a gift from Okawaru
 36824 | Vaults:5 | Noticed an ancient lich
 36832 | Vaults:5 | Identified the +10 quarterstaff "Ruab" {freeze, rC- Dex+2
                  | Stlth+}
 36841 | Vaults:5 | Killed an ancient lich
 37046 | Vaults:5 | Found Isa Neble's Armour Boutique.
 37049 | Vaults:5 | Noticed Mara
 37070 | Vaults:5 | Noticed inmateoo's illusion
 37070 | Vaults:5 | Killed Mara
 37308 | Vaults:5 | Noticed a golden dragon
 37317 | Vaults:5 | Killed a golden dragon
 38019 | Elf:1    | Entered Level 1 of the Elven Halls
 38103 | Elf:1    | Received a gift from Okawaru
 38134 | Elf:1    | Found a crumbling gateway.
 38153 | Desolati | Entered the Desolation of Salt
 38694 | Desolati | Identified the +11 spear "Siacoxt" {vorpal, Will+}
 38704 | Desolati | Received a gift from Okawaru
 38750 | Desolati | Identified the +5 chain mail of Apathy {+Inv Regen+ Str+9
                  | Slay-6}
 38781 | Desolati | Identified the +1 ring mail of Trumpets {rF+++ MP-9 Str+5
                  | Stlth+}
 38786 | Desolati | Identified the +0 leather armour "Canemoas" {-Tele rN+++
                  | Will++ Str-4}
 38789 | Desolati | Identified the +2 ring mail of the Riding Gods {rPois
                  | Regen+ Int-2 Dex+4}
 39062 | Elf:1    | Reached XP level 22. HP: 224/224 MP: 28/28
 39687 | Elf:2    | Identified the +3 broad axe of the Candle {vorpal, Str+4
                  | Int+4 Dex+4} (Okawaru gifted it to you on level 2 of the
                  | Elven Halls)
 39687 | Elf:2    | Received a gift from Okawaru
 39874 | Elf:2    | Found Vicekloo's General Store.
 39890 | Elf:2    | Bought a scroll of enchant weapon for 97 gold pieces
 39890 | Elf:2    | Bought a scroll of teleportation for 39 gold pieces
 39890 | Elf:2    | Bought a potion of curing for 39 gold pieces
 39890 | Elf:2    | Bought a potion of curing for 39 gold pieces
 39896 | Elf:2    | Paralysed by an air elemental for 1 turns
 40188 | Elf:2    | Found a runed translucent gate.
 40189 | Elf:2    | Found a runed translucent gate.
 40189 | Elf:2    | Found a runed translucent gate.
 40311 | Elf:2    | Received a gift from Okawaru
 40493 | Elf:3    | Entered Level 3 of the Elven Halls
 40580 | Elf:3    | Identified the +2 hand axe of Nemelex Xobeh's Scorn {speed,
                  | rElec Str+5}
 40792 | Elf:3    | Found Taogron's Antique Armour Emporium.
 40880 | Elf:3    | Found Noakabu's Antique Armour Shop.
 40923 | Elf:3    | Identified the +1 halberd "Bugoli Eschudd" {vorpal, Will+
                  | Dex+7}
 40954 | Elf:3    | Found Myufagg's Book Emporium.
 41024 | Elf:3    | Identified the +0 helmet "Ompuf" {Will+}
 41027 | Elf:3    | Identified the +8 great sword of True Grit {speed, rN+}
 41034 | Elf:3    | Identified the +1 robe "Jotuyhoa" {Rampage Str-4 Int+3}
 41068 | Elf:3    | Identified the +3 halberd of Caolom {vorpal, Will+}
 41122 | Elf:3    | Identified the +1 great sword of Vuuheth {speed, Drain rF+
                  | rN+ Int+8}
 41186 | Elf:3    | Identified the amulet "Plog" {Reflect Dex+4 SH+5}
 41215 | Elf:3    | Identified the +4 hand axe of the Witching Lamprey {venom,
                  | Will+ Dex+3}
 41552 | Elf:3    | Found Qotej's Magic Scroll Emporium.
 41558 | Elf:3    | Bought a scroll of enchant weapon for 135 gold pieces
 41558 | Elf:3    | Bought a scroll of blinking for 135 gold pieces
 41558 | Elf:3    | Bought a scroll of magic mapping for 135 gold pieces
 41614 | Elf:3    | Noticed Nikola
 41626 | Elf:3    | Killed Nikola
 41629 | Elf:3    | Found Ezocel's Armour Emporium.
 42208 | Depths:1 | Entered Level 1 of the Depths
 42233 | Depths:1 | Paralysed by a floating eye for 3 turns
 42350 | Depths:1 | Noticed the Enchantress
 42366 | Depths:1 | Killed the Enchantress
 42380 | Depths:1 | Received a gift from Okawaru
 42517 | Depths:1 | Found a shimmering altar of Xom.
 42517 | Depths:1 | Found a shimmering altar of Xom.
 42517 | Depths:1 | Found a shimmering altar of Xom.
 42518 | Depths:1 | Found a shimmering altar of Xom.
 42531 | Depths:1 | Reached XP level 23. HP: 231/236 MP: 27/29
 42585 | Depths:1 | Found a shimmering altar of Xom.
 42616 | Depths:1 | Noticed Saint Roka
 42641 | Depths:1 | Killed Saint Roka
 43070 | Depths:1 | Found a gateway to Hell.
 43477 | Depths:2 | Received a gift from Okawaru
 43736 | D:15     | You paid a toll of +2 storm dragon scales to enter a
                  | treasure trove
 43737 | Trove    | Entered a treasure trove
 43750 | Trove    | Identified the +0 hat of the King of the Hill {rC+ Dex+4}
 43751 | Trove    | Identified the +1 crystal plate armour "Vitum" {rC- Will+
                  | Slay+2}
 43752 | Trove    | Identified the +1 pair of boots of the Kangaroo {Int+3}
 43774 | Trove    | Identified the amulet of Hazek {Acrobat rCorr Int+4}
 43779 | Trove    | Identified the amulet "Kuumoevo" {Reflect Will+ SH+5}
 43784 | Trove    | Identified the amulet "Vomaxtum" {Acrobat Will+ SInv}
 43802 | Trove    | Reached XP level 24. HP: 247/247 MP: 29/29
 44137 | Depths:2 | Noticed a juggernaut
 44154 | Depths:2 | Killed a juggernaut
 44466 | Depths:2 | Found a one-way gateway to a ziggurat.
 44558 | Depths:2 | Found a one-way gate leading to the halls of Pandemonium.
 44635 | Depths:2 | Identified the +0 ring mail of Zaruc {Contam rN++ SInv}
                  | (Okawaru gifted it to you on level 2 of the Depths)
 44635 | Depths:2 | Received a gift from Okawaru
 44638 | Depths:2 | Reached skill level 27 in Axes
 44640 | Depths:2 | Reached skill level 27 in Fighting
 44912 | Depths:3 | Found Xaheuj's Antique Weapon Shoppe.
 45098 | Depths:3 | Found Xupnud's Book Shop.
 45098 | Depths:3 | Found Vetyedin's Jewellery Shoppe.
 45099 | Depths:3 | Found Acenu's Book Shop.
 45131 | Depths:3 | Found Qiliusmo's Book Emporium.
 45143 | Depths:3 | Noticed Parghit
 45175 | Depths:3 | Killed Parghit
 45299 | Depths:3 | Found Sytwihusm's Distillery.
 45336 | Depths:3 | Bought a potion of curing for 57 gold pieces
 45336 | Depths:3 | Bought a potion of curing for 57 gold pieces
 45336 | Depths:3 | Bought a potion of might for 76 gold pieces
 45336 | Depths:3 | Bought a potion of mutation for 152 gold pieces
 45494 | Depths:3 | Found a broken altar of Ashenzari.
 45799 | Depths:3 | Reached XP level 25. HP: 130/255 MP: 15/29
 45948 | Depths:3 | Noticed a royal mummy
 46018 | Depths:3 | Killed a royal mummy
 46239 | Depths:3 | Identified the +5 long sword "Caal" {venom, rF+ Will+}
 46298 | Depths:3 | Found Safor Ytie's General Store.
 46306 | Depths:3 | Bought a potion of curing for 60 gold pieces
 46306 | Depths:3 | Bought a potion of curing for 60 gold pieces
 46511 | Depths:4 | Entered Level 4 of the Depths
 46527 | Depths:4 | Paralysed by a floating eye for 4 turns
 46541 | Depths:4 | Identified the +6 war axe "Jeuzeahu" {protect, Str+3
                  | Stlth+} (Okawaru gifted it to you on level 4 of the Depths)
 46541 | Depths:4 | Received a gift from Okawaru
 46586 | Depths:4 | Found Big Baal Hell's Store.
 46627 | Depths:4 | Found Sarr's General Store.
 46636 | Depths:4 | Found a flickering gateway to a bazaar.
 46645 | Bazaar   | Entered a bazaar
 46646 | Bazaar   | Found Jyufa's Weapon Shoppe.
 46667 | Bazaar   | Found Felafyul's Antique Weapon Boutique.
 46671 | Bazaar   | Found Zuogala's Armour Boutique.
 46679 | Bazaar   | Bought a +2 cloak for 181 gold pieces
 46694 | Bazaar   | Found Nomuaph's Jewellery Boutique.
 46696 | Bazaar   | Found Bese Ulu's Book Shop.
 46782 | Depths:4 | Paralysed by a floating eye for 4 turns
 46951 | Depths:4 | Found Utog's Book Boutique.
 46975 | Depths:4 | Found Deqotenk's Book Boutique.
 47074 | Depths:4 | Found Agetsu's Distillery.
 47083 | Depths:4 | Bought a potion of mutation for 152 gold pieces
 47083 | Depths:4 | Bought a potion of cancellation for 152 gold pieces
 47164 | Depths:4 | Found Zet Mapp's Wicked Wares.
 47217 | Depths:4 | Found a gate to the Realm of Zot.
 47836 | Temple   | Entered the Ecumenical Temple
 47907 | Temple   | Fell from the grace of Okawaru
 47907 | Temple   | Became a worshipper of the Shining One
 48179 | Crypt:1  | Entered Level 1 of the Crypt
 48246 | Crypt:1  | Reached * piety under the Shining One
 48321 | Crypt:1  | Reached ** piety under the Shining One
 48582 | Crypt:1  | Reached *** piety under the Shining One
 48633 | Crypt:1  | Acquired a manual of Invocations
 49112 | Crypt:1  | Reached **** piety under the Shining One
 49302 | Crypt:2  | Reached ***** piety under the Shining One
 49550 | Crypt:1  | Found an ancient bone altar of Kikubaaqudgha.
 49984 | Crypt:3  | Entered Level 3 of the Crypt
 49984 | Crypt:3  | Noticed Zenata
 50006 | Crypt:3  | Killed Zenata
 50479 | Crypt:3  | Reached ****** piety under the Shining One
 50626 | Crypt:3  | Found the +8 Vampire's Tooth {vamp}
 51370 | Crypt:3  | Noticed an ancient lich
 51387 | Crypt:3  | Killed an ancient lich
 51519 | Crypt:3  | Found a staircase to the Tomb.
 51521 | Crypt:3  | Noticed an ancient lich
 51532 | Crypt:3  | Killed an ancient lich
 51644 | Crypt:3  | Noticed a dread lich
 51653 | Crypt:3  | Killed a dread lich
 51705 | Crypt:3  | Identified the +4 dire flail of Prudence {freeze, Fragile
                  | rN+++ Str+7}
 52035 | Crypt:3  | Identified a +9 broad axe of holy wrath (a +9 broad axe of
                  | flaming blessed by the Shining One)
 52035 | Crypt:3  | Received a gift from the Shining One
 52412 | Pan      | Entered Pandemonium
 52635 | Pan      | Reached XP level 26. HP: 258/266 MP: 32/32
 52937 | Pan      | Reached skill level 15 in Invocations
 53332 | Pan      | Noticed Rinyca the pandemonium lord
 53363 | Pan      | Killed Rinyca the pandemonium lord
 53366 | Pan      | Found a runed translucent door.
 53398 | Pan      | Got a demonic rune of Zot
 53723 | Pan      | Noticed Xyerauv the pandemonium lord
 53737 | Pan      | Killed Xyerauv the pandemonium lord
 53922 | Pan      | Found an exit through the horrors of the Abyss.
 53977 | Pan      | Found an opulent altar of Gozag.
 53978 | Pan      | Gained mutation: You are frail. (-10% HP) [a cacodemon]
 53979 | Pan      | Found Oxyniano's Infernal Boutique.
 53982 | Pan      | Gained mutation: Armour fits poorly on your strangely
                  | shaped body. [a cacodemon]
 54002 | Pan      | Found an opulent altar of Gozag.
 54015 | Pan      | Found Oxyniano's Quality Elixirs.
 54018 | Pan      | Noticed a dread lich
 54027 | Pan      | Killed a dread lich
 54028 | Pan      | Found an opulent altar of Gozag.
 54045 | Pan      | Bought a potion of heal wounds for 75 gold pieces
 54045 | Pan      | Bought a potion of heal wounds for 75 gold pieces
 54045 | Pan      | Bought a potion of mutation for 120 gold pieces
 54045 | Pan      | Bought a potion of mutation for 120 gold pieces
 54045 | Pan      | Bought 2 potions of might for 120 gold pieces
 54045 | Pan      | Bought a potion of might for 60 gold pieces
 54045 | Pan      | Bought a potion of might for 60 gold pieces
 54045 | Pan      | Bought a potion of mutation for 120 gold pieces
 54084 | Pan      | Found Oxyniano's Fine Accessories.
 54134 | Pan      | Found Oxyniano's Rarities Deals.
 54134 | Pan      | Noticed Oxyniano the pandemonium lord
 54157 | Pan      | Killed Oxyniano the pandemonium lord
 54169 | Pan      | Noticed Wesid the pandemonium lord
 54175 | Pan      | Killed Wesid the pandemonium lord
 54329 | Pan      | Noticed Cauwnaaga the pandemonium lord
 54377 | Pan      | Found an exit through the horrors of the Abyss.
 54392 | Pan      | Entered the realm of Mnoleg.
 54395 | Pan      | Gained mutation: Potions are less effective at restoring
                  | your health. [a neqoxec]
 54500 | Pan      | Gained mutation: You occasionally lose the ability to drink
                  | potions when taking damage. [a cacodemon]
 54542 | Pan      | Gained mutation: You occasionally lose the ability to read
                  | scrolls when taking damage. [a neqoxec]
 54585 | Pan      | Gained mutation: You are dopey. (Int -2) [a cacodemon]
 54632 | Pan      | Noticed Mnoleg
 54635 | Pan      | Reached XP level 27. HP: 158/245 MP: 34/34
 54645 | Pan      | Killed Mnoleg
 54656 | Pan      | Gained mutation: Your magical capacity is low. (-10% MP) [a
                  | cacodemon]
 54657 | Pan      | Gained mutation: You are weak. (Str -2) [a cacodemon]
 54678 | Pan      | Got a glowing rune of Zot
 54693 | Pan      | Lost mutation: You are weak. (Str -2) [potion of mutation]
 54693 | Pan      | Lost mutation: You are partially covered in iridescent
                  | scales. (AC +2) [potion of mutation]
 54693 | Pan      | Lost mutation: You are frail. (-10% HP) [potion of
                  | mutation]
 54693 | Pan      | Gained mutation: You are strong-willed. (Will+) [potion of
                  | mutation]
 54694 | Pan      | Lost mutation: Your magical capacity is low. (-10% MP)
                  | [potion of mutation]
 54694 | Pan      | Lost mutation: You are strong-willed. (Will+) [potion of
                  | mutation]
 54694 | Pan      | Lost mutation: Armour fits poorly on your strangely shaped
                  | body. [potion of mutation]
 54694 | Pan      | Gained mutation: Your magical capacity is low. (-10% MP)
                  | [potion of mutation]
 54694 | Pan      | Gained mutation: You have very sharp teeth. [potion of
                  | mutation]
 54694 | Pan      | Gained mutation: You are frail. (-10% HP) [potion of
                  | mutation]
 54694 | Pan      | Gained mutation: You are partially covered in iridescent
                  | scales. (AC +2) [potion of mutation]
 54695 | Pan      | Lost mutation: You are partially covered in iridescent
                  | scales. (AC +2) [potion of mutation]
 54695 | Pan      | Lost mutation: You occasionally lose the ability to read
                  | scrolls when taking damage. [potion of mutation]
 54695 | Pan      | Lost mutation: You have very sharp teeth. [potion of
                  | mutation]
 54695 | Pan      | Gained mutation: You are somewhat resistant to further
                  | mutation. [potion of mutation]
 54695 | Pan      | Gained mutation: You sometimes lose your temper in combat.
                  | [potion of mutation]
 54696 | Pan      | Lost mutation: Potions are less effective at restoring your
                  | health. [potion of mutation]
 54696 | Pan      | Lost mutation: You are somewhat resistant to further
                  | mutation. [potion of mutation]
 54696 | Pan      | Lost mutation: Your magical capacity is low. (-10% MP)
                  | [potion of mutation]
 54696 | Pan      | Gained mutation: Your spells are a little easier to cast,
                  | but a little less powerful. [potion of mutation]
 54696 | Pan      | Lost mutation: You sometimes lose your temper in combat.
                  | [potion of mutation]
 54696 | Pan      | Gained mutation: You are somewhat resistant to further
                  | mutation. [potion of mutation]
 55451 | Pan      | Found an exit through the horrors of the Abyss.
 55735 | Pan      | Entered the realm of Gloorx Vloq.
 55931 | Pan      | Found an exit through the horrors of the Abyss.
 55965 | Pan      | Noticed Gloorx Vloq
 55978 | Pan      | HP: 9/245 [poisoned by Gloorx Vloq (dark miasma)]
 55979 | Pan      | Engulfed by Gloorx Vloq's foul pestilence

Illustrated notes

Levels and vault maps discovered:
D:1:      ebering_trefoil_3fold, layout_basic, chequers_ecumenical_altar_twisty
D:2:      layout_loops_ring, amcnicky_mini_pool_small, kennysheep_flooded_box
D:3:      kennysheep_six_static_rooms, layout_loops_cross,
          nicolae_uskayaw_en_pointe, minmay_quantized
D:4:      layout_basic, kennysheep_mini, portal_sewer_entry_b
D:5:      layout_layer_cave, kennysheep_little_box,
          gammafunk_temple_overflow_claw, kennysheep_donut,
          serial_bayou_lagoon_a, dk_noncrumbling_2
D:6:      layout_cave_pools, nemelex_dance_club_becter,
          grunt_decor_mini_mirrors, roderic_roman_lattice
D:7:      layout_basic, minmay_temple_entry_statues, kennysheep_crisscross
D:8:      layout_loops_corners, special_room [special_room_orc]
D:9:      cheibrodos_frozen_isle, layout_cave_pools, nicolae_ru_awakened_eye,
          kennysheep_mini_moat, david_orc_4, uniq_amaemon
D:10:     layout_roguey, kennysheep_another_room, jiyva_altar_1
D:11:     layout_loops_ring, erik_lair_dragon, nicolae_hepliaklqana_hazy_memory
D:12:     layout_long_grid, fedhas_altar_3
D:13:     layout_layer_cave, david_vaults_2, uniq_josephine
D:14:     layout_basic, gauntlet_entry_generic, nicolae_qazlal_eye_of_the_storm,
          kennysheep_generic_room_14, uniq_agnes, uniq_rupert
D:15:     hangedman_depths_entry_try_elsewhere_first, layout_loops_ring,
          nicolae_trove_entry_crystal, hangedman_glass_teeth, uniq_jorgrun
Temple:   nicolae_temple_bog_church
Lair:1:   layout_small_grid, lemuel_fruit_fields
Lair:2:   cheibrodos_lair_overgrown_chateau, layout_regular_city,
          minmay_shoals_entry_hut, guppyfry_snake_entry_island,
          amcnicky_mini_pool_medium, serial_bayou_shore_a
Lair:3:   layout_regular_city
Lair:4:   layout_regular_city, slime_entry_1, lemuel_fruit_tree, uniq_nessos
Lair:5:   hellmonk_lair_end_abyssal_woods, layout_regular_city
Shoals:1: layout_shoals, serial_shops, shop, nicolae_shoals_square_sea_wall,
          uniq_donald
Shoals:2: layout_shoals, uniq_louise, uniq_roxanne
Shoals:3: layout_shoals
Shoals:4: shoals_end_simple, layout_shoals, serial_shops,
          nicolae_shop_statue_plus, nicolae_shoals_lost_giant_hut
Snake:1:  layout_misc_corridors
Snake:2:  layout_grid_shapes, eino_curves_01, uniq_aizul
Snake:3:  layout_cave_town
Snake:4:  grunt_snake_rune_serpentine_throne, layout_cave_town
Orc:1:    layout_caves
Orc:2:    grunt_orc_gardens, layout_caves, grunt_orc_garden, grunt_orc_garden,
          grunt_orc_garden, grunt_orc_garden,
          portal_ice_cave_entry_ice_simulacra, nicolae_orc_sculptors_studio
Elf:1:    nicolae_elf_arrival_no_cutting_in_line, layout_gridlike,
          portal_desolation_entry_twin_temple, minmay_elf_annihilation,
          amethyst_killhole, lemuel_flame_loot_1
Elf:2:    nicolae_elf_blades_crystal_corner, layout_geoelf_octagon,
          serial_shops, shop, minmay_elf_sorcery
Elf:3:    grunt_elf_hall_branching, layout_geoelf_diagonals, serial_shops, shop,
          nicolae_shop_advertising_works [nicolae_subvault_shop_adworks],
          nicolae_diamond_shop, shop_fountains, nicolae_shop_statue_plus,
          uniq_nikola
Vaults:1: vaults_room_stairs_pillars, nicolae_vaults_ring_of_whatevers,
          v_rooms_4, hangedman_vaults_snaps, grunt_vaults_twisty,
          nicolae_vaults_three_branches, vaults_standard_mumra_x, v_misc_4,
          nicolae_vaults_rhombus_5, layout_vaults_omnicross
Vaults:2: hangedman_vaults_stagger, v_alt_pattern_5,
          minmay_crypt_entry_simple_walls, v_rooms_4,
          vaults_standard_mumra_lines, v_rooms_5, vaults_mumra_chevron,
          vaults_room_pool, grunt_vaults_funnel, vaults_room_hallway,
          nicolae_vaults_asterisk, layout_vaults_big_room
Vaults:3: hangedman_vaults_corner, hangedman_vaults_variations,
          ontoclasm_vaults_twist, v_misc_8, nicolae_vaults_specimen_jars,
          vaults_mumra_hex, ontoclasm_vaults_ring_square, v_misc_25,
          hangedman_vaults_slice, v_alt_pattern_1, v_misc_28,
          nicolae_vaults_mini_display_case, layout_vaults_omnibox
Vaults:4: vaults_room_fours, nicolae_vaults_network_barrier,
          ontoclasm_vaults_shuriken, ontoclasm_vaults_idyll,
          hangedman_vaults_slice, ontoclasm_vaults_bender, ontoclasm_vaults_eye,
          nicolae_vaults_border_crossing, vaults_room_pools, v_misc_3,
          vaults_room_pools, layout_vaults_ring
Vaults:5: uniq_jory, uniq_frederick, uniq_mara
Crypt:1:  layout_gridlike, ebering_dispersal_statue_hall, hellmonk_scarab_ruin,
          lemuel_upstairs_altar, grunt_crypt_arrival_split
Crypt:2:  layout_regular_city
Crypt:3:  quadcrypt_mu, uniq_zenata
Depths:1: layout_gridlike, abyss_entry, hangedman_tar_grid_catacomb,
          xom_redecorated, hangedman_decor_diamond_cutter, nrook_mini_backslash,
          kennysheep_generic_room_4, uniq_enchantress, uniq_saint_roka
Depths:2: minmay_central_circle, layout_cave_pools, enter_ziggurat_e,
          rand_demon_pan_entry_9, serial_bayou_pond_d, hell_entry,
          abyss_entry_crystal, minmay_misc_feat_columns,
          nrook_kobold_shadow_demons
Depths:3: lemuel_minitomb, layout_long_grid, serial_shops, shop, shop, shop,
          nicolae_shop_crystal, nicolae_ashenzari_skybound, serial_rivers,
          chequers_serial_rivers_small_a, chequers_serial_rivers_small_3,
          chequers_serial_rivers_marsh, chequers_serial_rivers_large_b,
          chequers_serial_rivers_small_3, chequers_serial_rivers_small_a,
          hell_entry, abyss_entry, minmay_shop_grove, uniq_parghit
Depths:4: evilmike_zot_entry_basic, layout_cave_shapes, minivault_11,
          serial_glass, glass_columns_a, glass_columns_a, glass_columns_a,
          glass_columns_b, glass_columns_a, glass_columns_b,
          minmay_strange_pillars, due_unseen_surprise, item_on_display_a,
          nicolae_hell_entry_big_baal_hell, serial_shops, bzr_entry_dummy, shop,
          nicolae_lakefront_shop, shop, nicolae_lakefront_shop,
          nicolae_evil_shop
Pan:      evilmike_mini_pan_3x3, layout_pan_divisions_a
          [pan_division_quadrant_a6, pan_division_quadrant_a6,
          pan_division_quadrant_a4, pan_division_quadrant_a4,
          pan_division_octagon_empty], pan_blood_fountain,
          pan_blood_fountain_small, evilmike_mini_pan_thingy, layout_rooms,
          nicolae_pan_mnolegish_3, regret_index_pan_draining_boxed,
          layout_basic, nicolae_pan_double_arrow, layout_chambers,
          nicolae_pan_sigil_itan, nicolae_pan_bazaar_rune,
          layout_irregular_city, pan_disco_hall, layout_gridlike, rand_demon_1,
          layout_gridlike, reaverb_pan_figure_eight, evilmike_mini_pan_doors,
          layout_onion_city, mnoleg_grunt, layout_small_grid,
          evilmike_mini_pan_T, layout_basic, nicolae_pan_gloorx_vloqian_2,
          grunt_pan_zigzag, layout_irregular_city, evilmike_mini_pan_corner,
          layout_cellular_growth, nicolae_pan_double_arrow,
          layout_irregular_city, uniq_mennas_pan, evilmike_mini_pan_V,
          layout_small_grid, pan_blood_fountain, grunt_pan_in_and_out,
          layout_pan_divisions_a [pan_division_quadrant_a3,
          pan_division_quadrant_a1, pan_division_quadrant_a2,
          pan_division_quadrant_a6, pan_division_octagon_halves],
          pan_blood_fountain, gloorx_vloq, layout_grid_shapes

Skill      XL: |  1  2  3  4  5  6  7  8  9 10 11 12 13 14 15 16 17 18 19 20 21 22 23 24 25 26 27 |
---------------+----------------------------------------------------------------------------------+-----
Axes           | 3 4 5 6 7 9 10 12 13 15 16 17 19 20 21 22 23 24 26 27 | 27.0
Shields        | 4 5 6 7 8 9 10 11 12 13 14 15 16 17 18 19 20 22 23 | 23.8
Fighting       | 4 5 6 7 9 10 12 13 15 16 17 19 20 21 22 23 24 26 27 | 27.0
Dodging        | 1 2 3 4 5 6 7 8 9 10 11 12 13 14 15 16 17 18 20 21 | 21.8
Armour         | 4 5 6 7 8 9 10 11 12 13 14 15 16 17 18 19 20 22 23 | 23.7
Invocations    | 1 2 3 5 6 7 8 9 10 14 17 18 | 18.7

Action                   |  1- 3 |  4- 6 |  7- 9 | 10-12 | 13-15 | 16-18 | 19-21 | 22-24 | 25-27 || total
-------------------------+-------+-------+-------+-------+-------+-------+-------+-------+-------++-------
Melee: War axe           |    79 |    26 |       |       |       |       |       |       |       ||   105
       Headbutt          |     7 |    15 |    29 |    67 |   201 |   258 |   356 |   242 |   513 ||  1688
       Broad axe         |       |   128 |   155 |   321 |   824 |  1163 |  1134 |   926 |  1485 ||  6136
Invok: Heroism           |       |       |       |     2 |     1 |     1 |     1 |     1 |       ||     6
       Finesse           |       |       |       |     2 |     1 |     1 |       |     1 |       ||     5
       Brand Weapon With |       |       |       |       |       |       |       |       |     1 ||     1
       Cleansing Flame   |       |       |       |       |       |       |       |       |    20 ||    20
       Divine Shield     |       |       |       |       |       |       |       |       |     1 ||     1
Evoke: Condenser vane    |       |       |       |       |       |       |       |     1 |       ||     1
       Wand              |       |       |       |       |       |       |       |       |     3 ||     3
  Use: Scroll            |     5 |     8 |    13 |     9 |     6 |     6 |     3 |     8 |     7 ||    65
       Potion            |       |       |       |     1 |       |       |       |     2 |     6 ||     9
 Stab: Petrified         |       |       |       |     3 |     1 |       |       |       |       ||     4
       Petrifying        |       |       |       |     2 |       |       |       |       |       ||     2
Armor: Scale mail        |    41 |    70 |    35 |    71 |       |       |       |       |       ||   217
       Chain mail        |       |       |    22 |    43 |   478 |   538 |   360 |   224 |       ||  1665
       Gold dragon scale |       |       |       |       |       |       |       |    91 |   698 ||   789
Dodge: Dodged            |    27 |    67 |    52 |   165 |   420 |   451 |   384 |   304 |   498 ||  2368
Block: Buckler           |    34 |    69 |    80 |   193 |   188 |       |       |       |       ||   564
       Reflection        |       |     2 |     2 |     7 |       |       |       |       |       ||    11
       Kite shield       |       |       |       |       |   170 |   263 |       |       |       ||   433
       Tower shield      |       |       |       |       |       |   857 |  1010 |   795 |  1579 ||  4241

Table legend: (Time is in decaauts)
 A = Elapsed time spent in this place.
 B = Non-inter-level travel time spent in this place.
 C = Inter-level travel time spent in this place.
 D = Time resting spent in this place.
 E = Time spent auto-exploring this place.
 F = Levels seen in this place.
 G = Mean time per level.
                   A        B        C        D        E       F      G
               +--------+--------+--------+--------+--------+-----+--------+
         Total |  57437 |  53211 |   4226 |  10437 |  27874 |  68 |  844.7 |
       Dungeon |  15428 |  13305 |   2123 |   2308 |   8893 |  15 | 1028.5 |
        Temple |     90 |     76 |     14 |      0 |     52 |   1 |   90.0 |
          Lair |   5191 |   4832 |    359 |    537 |   3527 |   5 | 1038.2 |
        Shoals |   4315 |   4084 |    231 |    726 |   1880 |   4 | 1078.8 |
     Snake Pit |   4381 |   4199 |    182 |   1184 |   2133 |   4 | 1095.2 |
  Orcish Mines |   1568 |   1453 |    115 |    174 |    976 |   2 |  784.0 |
   Elven Halls |   3345 |   3173 |    172 |    624 |   1472 |   3 | 1115.0 |
        Vaults |   8162 |   7699 |    463 |   1925 |   3209 |   5 | 1632.4 |
         Crypt |   4039 |   3902 |    137 |    906 |   2097 |   3 | 1346.3 |
        Depths |   5229 |   4804 |    425 |   1164 |   2336 |   4 | 1307.2 |
   Pandemonium |   3402 |   3402 |      0 |    259 |    722 |  16 |  212.6 |
        Bazaar |     83 |     83 |      0 |      0 |     44 |   1 |   83.0 |
         Trove |    119 |    119 |      0 |      0 |     24 |   1 |  119.0 |
         Sewer |    421 |    421 |      0 |      0 |    266 |   1 |  421.0 |
      Ice Cave |    514 |    514 |      0 |    212 |     40 |   1 |  514.0 |
    Desolation |    737 |    737 |      0 |    304 |     77 |   1 |  737.0 |
      Gauntlet |    406 |    406 |      0 |    109 |    121 |   1 |  406.0 |
               +--------+--------+--------+--------+--------+-----+--------+

Top non-repeatable levels by time:
Vaults:5: 2378 daAuts
 Crypt:3: 2117 daAuts
Depths:3: 1751 daAuts
 Snake:3: 1717 daAuts
     D:8: 1676 daAuts
Vaults:4: 1628 daAuts
Vaults:2: 1543 daAuts
Shoals:4: 1542 daAuts
    D:11: 1483 daAuts
   Elf:3: 1458 daAuts
    D:13: 1447 daAuts
Vaults:3: 1321 daAuts
Vaults:1: 1291 daAuts
Depths:2: 1284 daAuts
    D:15: 1257 daAuts
